 Dungeon Crawl Stone Soup version 0.28-a0-519-gbfeecf2fc5 (webtiles) character file.

Game seed: 15593897350786075311

8 Goblin1989 the Chopper (level 2, -1/24 HPs)
             Began as a Demonspawn Cinder Acolyte on Sept 24, 2021.
             Was a High Priest of Ignis.
             Slain by a jackal (3 damage)
             ... on level 1 of the Dungeon.
             The game lasted 00:00:32 (143 turns).

Goblin1989 the Chopper (Demonspawn Cinder Acolyte)   Turns: 143, Time: 00:00:32

Health: -1/24      AC:  2    Str: 14    XL:     2   Next: 0%
Magic:  3/3        EV: 11    Int: 15    God:    Ignis [*****.]
Gold:   0          SH:  0    Dex:  8    Spells: 3/3 levels left

rFire   + . .      SeeInvis .   a - -1 hand axe (flame)
rCold   . . .      Faith    .   (no shield)
rNeg    . . .      Spirit   .   b - +0 robe
rPois   .          Reflect  .   (helmet restricted)
rElec   .          Harm     .   (no cloak)
rCorr   .          Rampage  .   (no gloves)
Will    .....                   (no boots)
Stlth   +.........              (no amulet)
HPRegen 0.08/turn               (no ring)
MPRegen 0.08/turn               (no ring)

@: no status effects
A: antennae 1
a: Renounce Religion, Sea of Fire, Foxfire Swarm, Rising Flame


You were on level 1 of the Dungeon.
You worshipped Ignis.
Ignis was extremely pleased with you.
You visited 1 branch of the dungeon, and saw 1 of its levels.

Inventory:

Hand Weapons
 a - a -1 hand axe of flaming (weapon)
Armour
 b - a +0 robe (worn)
Scrolls
 c - a scroll of identify {unknown}


   Skills:
 - Level 3.0 Fighting
 + Level 3.2 Axes
 - Level 1.0 Spellcasting
 - Level 2.6 Fire Magic


You had 3 spell levels left.
You didn't know any spells.
Your spell library contained the following spells:

 Spells                   Type           Power      Damage    Failure   Level
 Scorch                   Fire           16%        2d5       12%         2
 Gell's Gravitas          Tloc           0%         N/A       58%         3
 Teleport Other           Tloc           0%         N/A       58%         3
 Dispersal                Tloc           0%         N/A       100%        6


Dungeon Overview and Level Annotations

Branches:
Dungeon (1/15)

Altars:


Innate Abilities, Weirdness & Mutations

You have a pair of small antennae on your head.


Message History

You hit the goblin but do no damage. The goblin hits you with a +0 club.
The goblin closely misses you.
You take 3 damage, and have 15/18 hp.
You hit the goblin. You burn the goblin.
You kill the goblin!
There is an open door here.
Things that are here:
a +0 club; a goblin corpse HP restored.
You open the gate.
There is an open gate here.
Found a flail.
Health restored: 18 You see here a +0 flail.
A bat comes into view.
The bat closely misses you.
You hit the bat. You burn the bat.
You kill the bat!
No target in view!
No target in view!
No target in view!
No target in view!
No target in view!
No target in view!
No target in view!
No target in view!
No target in view!
No target in view!
No target in view!
No target in view!
No target in view!
No target in view!
No target in view!
c - a scroll labelled DESCHA CUCETEG A dart slug comes into view.
A dart slug is nearby!
A jackal comes into view.
The dart slug launches a dart at you. The slug dart hits you.
You take 3 damage, and have 15/18 hp.
A jackal comes into view.
A jackal comes into view.
The jackal barks!
The jackal moves out of view.
You hit the dart slug. You burn the dart slug.
The dart slug is moderately wounded.
The dart slug launches a dart at you. The slug dart hits you.
You take 4 damage, and have 11/18 hp.
MASSIVE DAMAGE!!
The jackal barks!
You hit the dart slug. You burn the dart slug.
The dart slug is heavily wounded.
You hit the dart slug. You burn the dart slug.
The dart slug is almost dead.
The dart slug closely misses you.
You hit the dart slug. You burn the dart slug.
You kill the dart slug!
The jackal bites you.
* * * LOW HITPOINT WARNING * * *
Your Axes skill increases to level 3!
You take 3 damage, and have 8/18 hp.
You hit the jackal but do no damage. The jackal closely misses you.
You hit the jackal but do no damage. The jackal bites you.
* * * LOW HITPOINT WARNING * * *
The jackal bites you.
* * * LOW HITPOINT WARNING * * *
You take 2 damage, and have 7/18 hp.
You closely miss the jackal. The jackal completely misses you.
The jackal bites you but does no damage.
You hit the jackal but do no damage. The jackal barely misses you.
You closely miss the jackal. The jackal bites you.
* * * LOW HITPOINT WARNING * * *
The jackal misses you.
You take 2 damage, and have 5/18 hp.
You barely miss the jackal. The jackal completely misses you.
The jackal closely misses you.
You hit the jackal. You burn the jackal.
You kill the jackal!
The jackal barely misses you.
You miss the jackal. The jackal bites you.
* * * LOW HITPOINT WARNING * * *
You take 3 damage, and have 2/18 hp.
You hit the jackal. You burn the jackal.
You kill the jackal!
The jackal closely misses you.
You have reached level 2!
Your demonic ancestry asserts itself...
A pair of antennae grows on your head!
MP restored: 3 You closely miss the jackal.
The jackal closely misses you.
The jackal bites you but does no damage.
You hit the jackal. You burn the jackal.
The jackal is severely wounded.
The jackal bites you but does no damage.
You hit the jackal but do no damage.
The jackal is severely wounded.
The jackal bites you.
* * * LOW HITPOINT WARNING * * *
The jackal bites you.
You die... █████████████

......h@....█
███████████.█████
█.█...█ ♣♣..
█.....█ ...█
███████...█ ♣...
..........█ ♣...
████......█ ...
████........█ █♣
█.████....██.█...█


You could see a jackal.

Vanquished Creatures
  A dart slug (D:1)
  A bat (D:1)
  A goblin (D:1)
  2 jackals (D:1)
5 creatures vanquished.

Notes
Turn   | Place    | Note
-------+----------+-------------------------------------------
     0 | D:1      | Goblin1989 the Demonspawn Cinder Acolyte began the quest
                  | for the Orb.
     0 | D:1      | Reached XP level 1. HP: 18/18 MP: 2/2
   141 | D:1      | Gained mutation: You have a pair of small antennae on your
                  | head. [demonic ancestry]
   141 | D:1      | Reached XP level 2. HP: 3/24 MP: 3/3
   143 | D:1      | Slain by a jackal

Illustrated notes

Levels and vault maps discovered:
D:1:      sevenhm_arrival_forest_fort_large_3, layout_rooms,
          chequers_ecumenical_altar_grove

Skill      XL: |  1 |
---------------+----+-----
Axes           | 3 |  3.2
Fighting       | |  3.0
Spellcasting   | |  1.0
Fire Magic     | |  2.6

Action                   || total
-------------------------++-------
Melee: Hand axe          ||    19
Armor: Robe              ||     3
Dodge: Dodged            ||    12

Table legend: (Time is in decaauts)
 A = Elapsed time spent in this place.
 B = Non-inter-level travel time spent in this place.
 C = Inter-level travel time spent in this place.
 D = Time resting spent in this place.
 E = Time spent auto-exploring this place.
 F = Levels seen in this place.
 G = Mean time per level.
                   A        B        C        D        E       F      G
               +--------+--------+--------+--------+--------+-----+--------+
         Total |    145 |    145 |      0 |      0 |    102 |   1 |  145.0 |
       Dungeon |    145 |    145 |      0 |      0 |    102 |   1 |  145.0 |
               +--------+--------+--------+--------+--------+-----+--------+

Top non-repeatable levels by time:
     D:1: 145 daAuts
